 Dungeon Crawl Stone Soup version 0.30-a0-772-g5528072125 (webtiles) character file.

Game seed: 8070173942428341488

868 dohliylev the Ruffian (level 7, 0/66 HPs)
             Began as a Troll Warper on Feb 13, 2023.
             Slain by a vampire (11 damage)
             ... on level 5 of the Dungeon.
             The game lasted 00:06:19 (2502 turns).

dohliylev the Ruffian (Troll Warper)                Turns: 2502, Time: 00:06:19

Health: 0/66       AC:  4    Str: 22    XL:     7   Next: 73%
Magic:  8/8        EV: 15    Int:  9    God:
Gold:   169        SH:  0    Dex:  9    Spells: 6/8 levels left

rFire   . . .      SeeInvis .      - Unarmed
rCold   . . .      Faith    .    (no shield)
rNeg    . . .      Spirit   .    a - +0 robe
rPois   .          Reflect  .    (helmet restricted)
rElec   .          Harm     .    (no cloak)
rCorr   .          Rampage  .    (gloves unavailable)
Will    .....                    (boots unavailable)
Stlth   +                        (no amulet)
HPRegen 1.11/turn                m - +5 ring of evasion
MPRegen 0.11/turn                (no ring)

@: no status effects
A: large, unfitting armour, claws 3, regeneration 1, shaggy fur 1, tough skin 1
a: no special abilities


You were on level 5 of the Dungeon.
You visited 1 branch of the dungeon, and saw 6 of its levels.

You collected 169 gold pieces.

Inventory:

Missiles
 c - 7 boomerangs of dispersal
 g - 4 large rocks (quivered)
 l - 3 boomerangs
Armour
 a - a +0 robe (worn)
Jewellery
 m - a +5 ring of evasion (left claw)
Scrolls
 b - a scroll of blinking
 e - 4 scrolls of teleportation {unknown}
 i - a scroll of immolation {unknown}
 p - a scroll of fog {unknown}
Potions
 d - 3 potions of degeneration {unknown}
 f - a potion of haste {unknown}
 h - a potion of heal wounds {unknown}
 j - 3 potions of curing {unknown}
 k - 2 potions of mutation {unknown}
 n - a potion of lignification {unknown}
 o - a potion of might {unknown}


   Skills:
 + Level 2.6 Fighting
 + Level 1.1 Throwing
 + Level 3.6 Dodging
 + Level 7.2 Unarmed Combat
 + Level 1.4 Spellcasting
 + Level 2.6 Translocations


You had 6 spell levels left.
You knew the following spells:

 Your Spells              Type           Power      Damage    Failure   Level
a - Blink                 Tloc           10%        N/A       19%         2

Your spell library contained the following spells:

 Spells                   Type           Power      Damage    Failure   Level
 Apportation              Tloc           10%        N/A       12%         1
 Lesser Beckoning         Tloc           10%        N/A       19%         2
 Magic Dart               Conj           0%         1d3       34%         1
 Necrotise                Necr           0%         1d4       34%         1
 Summon Small Mammal      Summ           0%         N/A       34%         1
 Teleport Other           Tloc           5%         N/A       34%         3
 Call Imp                 Summ           0%         N/A       47%         2
 Vhi's Electric Charge    Tloc/Air       6%         N/A       52%         3
 Hailstorm                Conj/Ice       0%         3d3       71%         3
 Mephitic Cloud           Conj/Pois/Air  0%         N/A       71%         3
 Manifold Assault         Tloc           5%         N/A       75%         4
 Ice Form                 Ice/Tmut       0%         N/A       98%         4
 Simulacrum               Ice/Necr       0%         N/A       100%        6


Dungeon Overview and Level Annotations

Branches:
Dungeon (6/15)
 Temple: D:4-7

Altars:
Wu Jian


Innate Abilities, Weirdness & Mutations

You are too large for most types of armour.
You have claws for hands.
Your natural rate of healing is unusually fast.
You are covered in fur. (AC +1)
You have tough skin. (AC +1)


Message History

You kill the orc!
You hear some strange, mumbled words.
Something tries to affect you, but you resist.
You barely miss the gnoll. You mangle the gnoll!!
You kill the gnoll!
Throw: 4 large rocks
Press: ? - help, Q - select action, (/) - cycle Shift-Dir - straight line, f - you
Okay, then.
Something hits you! Something bites you.
Something draws strength from your injuries!
Something barely misses you. Something bites you but does no damage.
You closely miss something. Something hits you. Something bites you.
Something draws strength from your injuries!
You claw something! Something barely misses you. Something bites you.
Something draws strength from your injuries!
You completely miss something. Something hits you but does no damage.
Something bites you!
Something draws strength from your injuries!
You closely miss the orc wizard.
The orc wizard hits you but does no damage.
Something hits you. Something bites you!
Something draws strength from your injuries!
You claw the orc wizard!
The orc wizard is severely wounded.
The orc wizard closely misses you. Something hits you!
* * * LOW HITPOINT WARNING * * *
Something barely misses you.
You barely miss the orc wizard.
The orc wizard is severely wounded.
The orc wizard barely misses you. Something hits you but does no damage.
Something bites you!
* * * LOW HITPOINT WARNING * * *
Something draws strength from your injuries!
You scratch the orc wizard but do no damage.
Your claw misses the orc wizard.
The orc wizard is severely wounded.
The orc wizard misses you. Something hits you but does no damage.
Something bites you!
You die...

#######
######.....#
#..?$).....#
#.:..#.o...#
#.?:.#.{@..#
#....#....)#
##.#######'##
#...#......#
#...#...)).#
#!. #...)).#
###### ###
#......# .....
#=
..#......##...#
#..#.....†#...#


You could see an orc wizard.

Vanquished Creatures
  An ogre (D:5)
  A necrophage (D:6)
  4 scorpions
  A jelly (D:5)
  4 hounds
  2 orc priests
  2 iguanas
  An orc wizard (D:5)
  2 gnolls
  8 adders
  3 ufetubi (D:5)
  2 dart slugs
  13 orcs
  5 ball pythons
  10 bats
  4 endoplasms
  2 giant cockroaches
  10 goblins
  3 hobgoblins
  3 jackals (D:1)
  2 quokkas
  3 frilled lizards (D:1)
  6 kobolds
  8 rats
100 creatures vanquished.

Notes
Turn   | Place    | Note
-------+----------+-------------------------------------------
     0 | D:1      | dohliylev the Troll Warper began the quest for the Orb.
     0 | D:1      | Reached XP level 1. HP: 19/19 MP: 1/1
    79 | D:1      | Reached XP level 2. HP: 27/27 MP: 3/3
   383 | D:1      | Reached XP level 3. HP: 31/35 MP: 4/4
   441 | D:1      | Found a faded altar of an unknown god.
   698 | D:2      | Found an ornate altar of the Wu Jian Council.
   708 | D:2      | Identified the +2 falchion "Ubleun" {flame, Str+2 SInv}
   966 | D:2      | Reached XP level 4. HP: 42/42 MP: 5/5
  1044 | D:2      | Reached skill level 3 in Unarmed Combat
  1517 | D:3      | Learned a level 2 spell: Blink
  1726 | D:3      | Reached XP level 5. HP: 42/49 MP: 6/6
  1740 | D:3      | Reached skill level 4 in Unarmed Combat
  1982 | D:4      | Reached XP level 6. HP: 45/57 MP: 7/7
  2012 | D:4      | Reached skill level 5 in Unarmed Combat
  2100 | D:4      | You fall into a shaft and drop 2 floors!
  2120 | D:6      | Reached skill level 1 in Throwing
  2172 | D:6      | Reached skill level 6 in Unarmed Combat
  2172 | D:6      | Reached XP level 7. HP: 62/65 MP: 8/8
  2184 | D:5      | Entered Level 5 of the Dungeon
  2272 | D:5      | Noticed a vampire
  2429 | D:5      | Reached skill level 7 in Unarmed Combat
  2502 | D:5      | Slain by a vampire

Illustrated notes

Levels and vault maps discovered:
D:1:      dpeg_arrival_subterranean_lakeside_camping, layout_basic,
          shapermc_ecumenical_altar_pompeii, minmay_misc_feat_square
D:2:      layout_loops_ring, basic_altar, kennysheep_another_room
D:3:      layout_basic, chequers_serial_rivers_large_a,
          chequers_serial_rivers_marsh
D:4:      layout_rooms
D:5:      minmay_clustersquares, layout_layer_cave, zin_purify,
          minmay_temple_entry_fiery, uniq_grinder
D:6:      layout_basic, pf_guarded_unrand_woodcutter

Skill      XL: |  1  2  3  4  5  6  7 |
---------------+----------------------+-----
Dodging        | 2 3 |  3.6
Unarmed Combat | 3 4 6 7 |  7.2
Fighting       | 2 |  2.6
Throwing       | 1 |  1.1
Spellcasting   | |  1.4
Translocations | |  2.6

Action                     |  1- 3 |  4- 6 |  7- 9 || total
---------------------------+-------+-------+-------++-------
  Melee: Unarmed           |   108 |   113 |    79 ||   300
         Punch             |     2 |     2 |       ||     4
  Throw: Large rock        |       |     2 |     2 ||     4
   Stab: Sleeping          |     1 |     1 |       ||     2
 Armour: Robe              |    45 |    22 |    21 ||    88
  Dodge: Dodged            |    64 |    73 |    49 ||   186

Table legend: (Time is in decaauts)
 A = Elapsed time spent in this place.
 B = Non-inter-level travel time spent in this place.
 C = Inter-level travel time spent in this place.
 D = Time resting spent in this place.
 E = Time spent auto-exploring this place.
 F = Levels seen in this place.
 G = Mean time per level.
                   A        B        C        D        E       F      G
               +--------+--------+--------+--------+--------+-----+--------+
         Total |   2480 |   2436 |     44 |    192 |   1583 |   6 |  413.3 |
       Dungeon |   2480 |   2436 |     44 |    192 |   1583 |   6 |  413.3 |
               +--------+--------+--------+--------+--------+-----+--------+

Top non-repeatable levels by time:
     D:2: 649 daAuts
     D:3: 640 daAuts
     D:1: 628 daAuts
     D:5: 310 daAuts
     D:4: 170 daAuts
     D:6: 81 daAuts
